 Dungeon Sprint DCSS version 0.30.1-11-g7821555f0a (webtiles) character file.

Game seed: 14581197091837728917

20579 Groucho the Ninja (level 12, 56/64 HPs)
             Began as a Felid Berserker on Nov 28, 2023.
             Was the Champion of Trog.
             Got out of the dungeon alive.
             The game lasted 00:09:03 (2407 turns).

Groucho the Ninja (Felid Berserker)                 Turns: 2407, Time: 00:09:03

Health: 56/64      AC:  3    Str: 15    XL:     12   Next: 46%
Magic:  25/25      EV: 32    Int:  9    God:    Trog [******]
Gold:   2348       SH:  0    Dex: 18    Spells: 27/27 levels left
                                        Lives:  2   Deaths: 0

rFire   + .          .
                       - Unarmed
rCold   + . .        (shield unavailable)
rNeg    . . .        (body armour unavailable)
rPois   .            (helmet unavailable)
rElec   .            (cloak unavailable)
rCorr   .            (gloves unavailable)
SInv    +            (boots unavailable)
Will    +....        m - amulet of guardian spirit
Stlth   ++++++++++   k - ring of protection from fire
HPRegen 0.30/turn    l - ring of flight
MPRegen 0.19/turn

%: no teleportation, guardian spirit
@: flying, quick
A: very small, claws 1, fangs 3, see invisible, speed 1, shaggy fur 3, stealthy
paws, no weapons or thrown items, no armour, multi-lived, inability to drink
after injury 1, noise suppression
a: Renounce Religion, Berserk, Trog's Hand, Brothers in Arms


You escaped.
You worshipped Trog.
Trog was exalted by your worship.
You visited 1 branch You collected 3177 gold pieces.
You spent 829 gold pieces at shops.

Inventory:

Jewellery
 k - a ring of protection from fire (left paw)
 l - a ring of flight (right paw)
 m - an amulet of guardian spirit (around neck)
 x - a +6 ring of dexterity
Wands
 g - a wand of polymorph (9)
 r - a wand of flame (15)
 t - a wand of paralysis (11)
Scrolls
 f - 2 scrolls of enchant weapon {unknown}
 h - a scroll of fog {unknown}
 j - 2 scrolls of poison {unknown}
 n - a scroll of enchant armour {unknown}
 o - a scroll of immolation {unknown}
 q - a scroll of fear {unknown}
 s - a scroll of silence {unknown}
 w - a scroll of identify {unknown}
Potions
 a - 4 potions of curing
 b - a potion of heal wounds
 c - a potion of haste
 d - 3 potions of magic
 e - 2 potions of berserk rage
 i - a potion of brilliance {unknown}
 p - a potion of attraction {unknown}
 u - a potion of mutation
 v - a potion of degeneration {unknown}


   Skills:
 + Level 14.6 Fighting
 + Level 18.6 Dodging
 O Level 27 Stealth
 + Level 14.6 Unarmed Combat
 + Level 8.0 Spellcasting


You had 27 spell levels left.
You didn't know any spells.
Your spell library was empty.

Dungeon Overview and Level Annotations

Branches:
Dungeon (1/1)

Altars:
Cheibriados
Dithmenos
Elyvilon
Fedhas
Gozag
Hepliaklqana
Kikubaaqudgha
Makhleb
Nemelex Xobeh
Okawaru
Qazlal
Ru
Sif Muna
Trog
Uskayaw
Vehumet
Wu Jian
Xom
Yredelemnul
Zin
The Shining One
Jiyva
Lugonu

Shops:
D !((!(((*(!=([?![[(*[!*


Innate Abilities, Weirdness & Mutations

You have sharp claws.
You have razor-sharp teeth.
You have supernaturally acute eyesight. (SInv)
You cover ground quickly. (Speed+)
Your thick and shaggy fur keeps you warm. (AC +3, rC+)
Your paws help you pounce on unaware monsters.
You are incapable of wielding weapons or throwing items.
You cannot wear armour.
You gain extra lives every three experience levels.
You occasionally lose the ability to drink potions when taking damage.
You passively dampen the noise of your surroundings.


Message History

You see here a +0 cloak.
You now have 2294 gold pieces (gained 27).
You now have 2321 gold pieces (gained 27).
You now have 2348 gold pieces (gained 27).
Okay, then.
You see here a +2 great sword of flaming.
Okay, then.
There is an open door, spattered with blood here.
Things that are here:
a +0 great sword of flaming; a fire giant corpse
Things that are here:
a +0 great sword of flaming; a +0 great sword of flaming; a fire giant corpse You reach down and open the door.
Found a condenser vane.
There is an open door here.
You reach down and close the door.
The daeva calls down the wrath of the Shining One upon you.
The Shining One smites you!
The daeva calls down the wrath of the Shining One upon you.
The Shining One smites you!
There is an open door here.
There is an open door, spattered with blood here.
There is an open door here.
There is an open door here.
There is an open door here.
There is an open door here.
There is an open door here.
There is an open door here.
Things that are here:
a +0 scythe; a +0 robe
There is an open door here.
There is an open door here.
Things that are here:
a +0 dagger; a +0 ring mail
There is an open door here.
There is a staircase leading out of the dungeon here.
Are you sure you want to leave the Dungeon?
This will make you lose the game!
Alright, then stay!
Are you sure you want to leave the Dungeon?
This will make you lose the game!
You have escaped!

##################
#@.#.)').#.)'..#__
#..'..#..'..#..'..
#..#####+#####'#__
#..####..#...#.###
#..#__####..##.#~§
#..#_____##'#_.'~~
#⌠⌠#_.∩...'..._#§~
####_..__##_.#'##+
#_____###'#.#.|


There were no monsters in sight!

Vanquished Creatures
  A golden dragon (D)
  A shadow dragon (D)
  A hydra (D)
  2 centaur warriors (D)
  Sonja (D)
  A deep troll (D)
  A lindwurm (D)
  An oklob plant (D)
  4 demonic crawlers (D)
  7 unseen horrors (D)
  2 kobold demonologists (D)
  A hornet (D)
  A slime creature (D)
  Sigmund (D)
  13 hogs (D)
  A yak (D)
  2 redbacks (D)
  4 floating eyes (D)
  An ogre (D)
  6 necrophages (D)
  5 jellies (D)
  Ijyb (D)
  A ballistomycete spore (D)
59 creatures vanquished.

Vanquished Creatures (collateral kills)
  4 fire giants (D)
  8 shining eyes (D)
  3 floating eyes (D)
  A necrophage (D)
  3 jellies (D)
19 creatures vanquished.

Vanquished Creatures (others)
  A ballistomycete spore (D)
1 creature vanquished.

Grand Total: 79 creatures vanquished

Notes
Turn   | Place    | Note
-------+----------+-------------------------------------------
     0 | D        | Groucho the Felid Berserker began the quest for the Orb.
     0 | D        | Reached XP level 1. HP: 10/10 MP: 2/2
     2 | D        | Noticed Ijyb
     9 | D        | Killed Ijyb
    10 | D        | Reached skill level 8 in Stealth
    10 | D        | Reached XP level 2. HP: 14/14 MP: 3/3
    35 | D        | Noticed an ogre
    60 | D        | Killed an ogre
    61 | D        | Reached skill level 12 in Stealth
    61 | D        | Reached XP level 3. HP: 17/17 MP: 4/4
    61 | D        | Reached XP level 4. HP: 21/21 MP: 5/5
   102 | D        | Noticed Sigmund
   104 | D        | Killed Sigmund
   104 | D        | Reached ** piety under Trog
   105 | D        | Reached skill level 17 in Stealth
   105 | D        | Reached XP level 5. HP: 24/24 MP: 6/6
   118 | D        | Found a shimmering blue altar of Sif Muna.
   119 | D        | Found an ornate altar of the Wu Jian Council.
   120 | D        | Found a radiant altar of Vehumet.
   125 | D        | Gained mutation: You are covered in thick fur. (AC +2)
                  | [Felid growth]
   125 | D        | Reached XP level 6. HP: 28/28 MP: 7/7
   133 | D        | Found Taikoe's Distillery.
   133 | D        | Found an ancient bone altar of Kikubaaqudgha.
   133 | D        | Found a hazy altar of Hepliaklqana.
   133 | D        | Found a stormy altar of Qazlal.
   133 | D        | Found a hide-covered altar of Uskayaw.
   133 | D        | Found a blossoming altar of Fedhas.
   133 | D        | Found a bloodstained altar of Trog.
   133 | D        | Found an iron altar of Okawaru.
   133 | D        | Found a basalt altar of Yredelemnul.
   133 | D        | Found a glowing golden altar of the Shining One.
   133 | D        | Found a snail-covered altar of Cheibriados.
   133 | D        | Found a sacrificial altar of Ru.
   133 | D        | Found a glowing silver altar of Zin.
   133 | D        | Found a shadowy altar of Dithmenos.
   133 | D        | Found a white marble altar of Elyvilon.
   133 | D        | Noticed a yak
   134 | D        | Found an opulent altar of Gozag.
   135 | D        | Killed a yak
   136 | D        | Reached skill level 19 in Stealth
   136 | D        | Found a sparkling altar of Nemelex Xobeh.
   165 | D        | Found a viscous altar of Jiyva.
   165 | D        | Found a corrupted altar of Lugonu.
   165 | D        | Noticed a slime creature
   166 | D        | Found a burning altar of Makhleb.
   166 | D        | Found a shimmering altar of Xom.
   168 | D        | Killed a slime creature
   168 | D        | Reached *** piety under Trog
   169 | D        | Reached skill level 20 in Stealth
   169 | D        | Reached XP level 7. HP: 31/31 MP: 8/8
   180 | D        | Noticed a centaur warrior
   180 | D        | Noticed a centaur warrior
   181 | D        | Killed a centaur warrior
   182 | D        | Reached skill level 5 in Fighting
   182 | D        | Reached skill level 21 in Stealth
   182 | D        | Reached skill level 5 in Unarmed Combat
   182 | D        | Reached XP level 8. HP: 37/37 MP: 9/9
   182 | D        | Killed a centaur warrior
   183 | D        | Reached skill level 22 in Stealth
   188 | D        | Noticed a hornet
   191 | D        | Killed a hornet
   192 | D        | Reached XP level 9. HP: 43/43 MP: 10/10
   203 | D        | Noticed an oklob plant
   205 | D        | Killed an oklob plant
   205 | D        | Reached **** piety under Trog
   206 | D        | Reached skill level 10 in Dodging
   221 | D        | Reached skill level 23 in Stealth
   229 | D        | Noticed an unseen horror
   229 | D        | Noticed an unseen horror
   235 | D        | Killed an unseen horror
   237 | D        | Killed an unseen horror
   237 | D        | Reached ***** piety under Trog
  1100 | D        | Reached XP level 10. HP: 49/49 MP: 11/11
  1103 | D        | Identified the +3 shortbow "Asip" {freeze, rPois rF+ Str-2
                  | Int+3}
  1110 | D        | Identified the +1 robe of the Inviting Gods {Harm rF++
                  | Will- Str-4}
  1115 | D        | Found Kozog's General Store.
  1115 | D        | Found Ramias's Antique Weapon Shop.
  1115 | D        | Found Vessi's Antique Weapon Boutique.
  1117 | D        | Found Detyudgh's Distillery.
  1117 | D        | Found Pyfeust's Jewellery Shop.
  1117 | D        | Found Oroikhlus's Weapon Shoppe.
  1117 | D        | Found Qairoet's Antique Armour Boutique.
  1117 | D        | Found Pirhuar's Magic Scroll Emporium.
  1117 | D        | Found Gugezev Igi's Distillery.
  1117 | D        | Found Liupuw's Antique Armour Shoppe.
  1121 | D        | Found Ocrycvup's Antique Armour Boutique.
  1122 | D        | Found Viguexky's General Store.
  1122 | D        | Found Ilea's Antique Weapon Boutique.
  1123 | D        | Found Koxuriwi's Distillery.
  1140 | D        | Bought a ring of protection from fire for 250 gold pieces
  1140 | D        | Bought a ring of flight for 175 gold pieces
  1140 | D        | Bought an amulet of guardian spirit for 300 gold pieces
  1188 | D        | Noticed a deep troll
  1190 | D        | Killed a deep troll
  1191 | D        | Reached skill level 10 in Fighting
  1191 | D        | Reached skill level 10 in Unarmed Combat
  1202 | D        | Found Qebue's Armour Emporium.
  1216 | D        | Noticed Sonja
  1219 | D        | Killed Sonja
  1219 | D        | Reached ****** piety under Trog
  1220 | D        | Reached skill level 24 in Stealth
  1274 | D        | Found Jattyw's Distillery.
  1289 | D        | Noticed a shining eye
  1289 | D        | Noticed a shining eye
  1289 | D        | Noticed a shining eye
  1289 | D        | Noticed a shining eye
  1289 | D        | Noticed a shining eye
  1289 | D        | Noticed a shining eye
  1292 | D        | Killed a shining eye
  1293 | D        | Killed a shining eye
  1293 | D        | Killed a shining eye
  1293 | D        | Noticed a shining eye
  1293 | D        | Gained mutation: Your magical capacity is low. (-10% MP) [a
                  | shining eye]
  1294 | D        | Noticed a shining eye
  1295 | D        | Paralysed by a floating eye for 3 turns
  1296 | D        | Killed a shining eye
  1296 | D        | Killed a shining eye
  1296 | D        | Gained mutation: You are vulnerable to heat. (rF-) [a
                  | shining eye]
  1296 | D        | Gained mutation: You are dopey. (Int -2) [a shining eye]
  1299 | D        | Reached skill level 25 in Stealth
  1299 | D        | Killed a shining eye
  1299 | D        | Killed a shining eye
  1300 | D        | Reached skill level 15 in Dodging
  1300 | D        | Reached XP level 11. HP: 57/57 MP: 10/10
  1302 | D        | Killed a shining eye
  1307 | D        | Found Ebosuad's Weapon Shoppe.
  1307 | D        | Found Ischah's Weapon Shop.
  1307 | D        | Found Pagolal's Weapon Emporium.
  1307 | D        | Found Ulufauge's Weapon Boutique.
  1377 | D        | Reached skill level 1 in Spellcasting
  1599 | D        | Noticed a lindwurm
  1603 | D        | Killed a lindwurm
  1648 | D        | Reached skill level 26 in Stealth
  1863 | D        | Noticed a 12-headed hydra
  1865 | D        | Killed a 12-headed hydra
  1869 | D        | Reached skill level 5 in Spellcasting
  1945 | D        | Bought a potion of mutation for 104 gold pieces
  1945 | D        | Lost mutation: You are dopey. (Int -2) [potion of mutation]
  1945 | D        | Lost mutation: Your magical capacity is low. (-10% MP)
                  | [potion of mutation]
  1945 | D        | Lost mutation: You are vulnerable to heat. (rF-) [potion of
                  | mutation]
  1945 | D        | Gained mutation: You occasionally lose the ability to drink
                  | potions when taking damage. [potion of mutation]
  1945 | D        | Gained mutation: You passively dampen the noise of your
                  | surroundings. [potion of mutation]
  2060 | D        | Noticed a shadow dragon
  2060 | D        | Noticed a golden dragon
  2065 | D        | Killed a shadow dragon
  2067 | D        | Killed a golden dragon
  2068 | D        | Gained mutation: Your thick and shaggy fur keeps you warm.
                  | (AC +3, rC+) [Felid growth]
  2068 | D        | Reached XP level 12. HP: 63/63 MP: 19/22
  2128 | D        | Found Userubor's Assorted Antiques.
  2180 | D        | Noticed a daeva
  2202 | D        | Noticed a fire giant
  2205 | D        | Noticed a fire giant
  2205 | D        | Noticed a fire giant
  2206 | D        | Noticed a fire giant
  2213 | D        | Killed a fire giant
  2214 | D        | Reached skill level 27 in Stealth
  2223 | D        | Killed a fire giant
  2238 | D        | Killed a fire giant
  2239 | D        | Killed a fire giant
  2407 | D        | Got out of the dungeon alive.

Illustrated notes

Levels and vault maps discovered:
D:        dungeon_sprint_1 [red_sonja_temple_1, red_sonja_temple_small_1]

Skill      XL: |  1  2  3  4  5  6  7  8  9 10 11 12 |
---------------+-------------------------------------+-----
Stealth        | 8 12 17 20 21 22 23 25 26 27 | 27.0
Fighting       | 5 7 9 11 13 14 | 14.6
Dodging        | 7 9 12 15 17 18 | 18.6
Unarmed Combat | 5 7 9 11 13 14 | 14.6
Spellcasting   | 6 8 |  8.0

Action                     |  1- 3 |  4- 6 |  7- 9 | 10-12 || total
---------------------------+-------+-------+-------+-------++-------
  Melee: Unarmed           |     9 |     4 |    34 |    75 ||   122
         Bite              |     1 |       |     3 |     9 ||    13
         Punch             |       |       |       |     4 ||     4
 Invoke: Berserk           |     2 |       |     3 |       ||     5
         Brothers in Arms  |       |       |     1 |     9 ||    10
         Trog's Hand       |       |       |     1 |     2 ||     3
    Use: Scroll            |       |       |     1 |       ||     1
         Potion            |       |       |       |     2 ||     2
   Stab: Sleeping          |       |     4 |    10 |    20 ||    34
  Dodge: Dodged            |     6 |       |    22 |    70 ||    98
